 Dungeon Crawl Stone Soup version 0.26-a0-664-gc8b27b8fc1 (webtiles) character file.

Game seed: 14290410046798891985

678 Elric the Poker (level 7, -1/54 HPs)
             Began as a Demonspawn Gladiator on Oct 13, 2020.
             Was a Follower of Okawaru.
             Slain by a sky beast (2 damage)
             ... on level 6 of the Dungeon.
             The game lasted 00:12:00 (4307 turns).

Elric the Poker (Demonspawn Gladiator)              Turns: 4307, Time: 00:12:01

Health: -1/54      AC: 11    Str: 17    XL:     7   Next: 34%
Magic:  7/7        EV:  8    Int: 11    God:    Okawaru [*.....]
Gold:   195        SH:  5    Dex: 14    Spells: 6/6 levels left

rFire    . . .     SeeInvis .   L - +0 halberd
rCold    + . .     Faith    .   (shield currently unavailable)
rNeg     . . .     Spirit   .   y - +0 chain mail
rPois    .         Reflect  +   c - +0 helmet
rElec    .         Harm     .   D - +0 cloak
rCorr    +         Rampage  .   (no gloves)
MR       .....                  (no boots)
Stlth    ..........             m - amulet of reflection (curse)
HPRegen  0.18/turn              r - ring of protection from cold
MPRegen  0.10/turn              z - ring of resist corrosion

@: no status effects
A: hooves 1, powered by pain 1, spiny 2, big brain 1
a: Heroism, Renounce Religion


You were on level 6 of the Dungeon.
You worshipped Okawaru.
Okawaru was aware of your devotion.
You visited 1 branch of the dungeon, and saw 6 of its levels.

You collected 195 gold pieces.

Inventory:

Hand Weapons
 a - a +1 trident
 L - a +0 halberd (weapon)
Missiles
 d - a throwing net (quivered)
 g - 2 javelins
 q - 7 atropa-tipped darts
Armour
 b - a +0 leather armour
 c - a +0 helmet (worn)
 f - a +0 ring mail
 y - a +0 chain mail (worn)
 D - a +0 cloak (worn)
Magical Staves
 h - an uncursed staff of air {unknown}
Jewellery
 m - a cursed amulet of reflection (around neck)
 n - an uncursed amulet of magic regeneration {unknown}
 r - a ring of protection from cold (left hand)
 x - a +6 ring of intelligence
 z - a ring of resist corrosion (right hand)
 F - an uncursed amulet of the acrobat
 G - an uncursed amulet of guardian spirit {unknown}
Wands
 i - a wand of iceblast (8)
Scrolls
 j - 4 scrolls of blinking {unknown}
 k - 3 scrolls of teleportation
 l - 2 scrolls of remove curse {unknown}
 w - a scroll of magic mapping {unknown}
 H - a scroll of fog {unknown}
 I - a scroll of vulnerability {unknown}
 J - a scroll of identify
 K - a scroll of enchant armour {unknown}
 M - a scroll of noise {unknown}
Potions
 e - 3 potions of might {unknown}
 o - 3 potions of mutation {unknown}
 p - a potion of haste {unknown}
 s - a potion of lignification {unknown}
 t - 3 potions of cancellation {unknown}
 u - a potion of stabbing {unknown}
 v - 4 potions of curing {unknown}
 A - a potion of flight {unknown}
 B - a potion of berserk rage {unknown}
 C - a potion of ambrosia {unknown}
 E - 2 potions of magic {unknown}


   Skills:
 * Level 4.2 Fighting
 * Level 5.1 Polearms
 - Level 2.0 Throwing
 + Level 3.1 Armour
 + Level 4.0 Dodging
 - Level 0.1 Stealth


You had 6 spell levels left.
You didn't know any spells.
Your spell library contained the following spells:

 Spells                   Type           Power        Failure   Level
 Magic Dart               Conj           #...         99%         1
 Blink                    Tloc           N/A          100%        2
 Call Imp                 Summ           #.......     100%        2
 Slow                     Hex            #.......     100%        2
 Conjure Flame            Conj/Fire      #.......     100%        3
 Mephitic Cloud           Conj/Pois/Air  #.......     100%        3


Dungeon Overview and Level Annotations

Branches:
Dungeon (6/15)             Temple (0/1) D:5

Altars:
Ashenzari
Elyvilon
Hepliaklqana
Makhleb
Okawaru
Qazlal
Trog
Uskayaw
Wu Jian
Yredelemnul
The Shining One

Shops:
D:5 !


Innate Abilities, Weirdness & Mutations

You have large cloven feet.
You sometimes gain a little power by taking damage.
You are mostly covered in sharp spines.
You have an unusually large brain. (Int +2)


Message History

* * * LOW HITPOINT WARNING * * *
You block the orc warrior's attack.
You hear a shout! x2
You hear a shout! x2
The orc throws a boomerang.
The boomerang hits you but does no damage.
The weapon returns to the orc!
A sky beast appears from thin air!
Reactivating autopickup.
You hear an angry hiss.
The orc priest looks satisfied for a moment.
You hit the sky beast but do no damage.
You kick the sky beast, but do no damage.
The sky beast flickers out of sight!
Deactivating autopickup; reactivate with Ctrl-A.
You block something's attack.
You hit something.
The orc warrior hits you from afar with a +0 halberd!
* * * LOW HITPOINT WARNING * * *
Something hits you.
You die...

#...#.#
.....
.o. #o#
#)# #o#
#o# #{#
#@# #.#
#.# #.#
#<# ###


You could see an orc warrior, an orc priest, an orc wizard and an orc.

Vanquished Creatures
  Eustachio (D:5)
  A hound (D:5)
  4 orc wizards (D:3)
  2 bullfrog skeletons
  An orc priest (D:3)
  A centaur skeleton (D:5)
  10 adders
  8 gnolls (D:5)
  An adder skeleton (D:5)
  2 worms
  2 dart slugs
  4 leopard geckos
  11 orcs
  A ball python (D:1)
  7 bats
  A giant cockroach (D:2)
  12 goblins
  8 hobgoblins
  2 jackals (D:3)
  9 kobolds
  A quokka (D:4)
  6 frilled lizards
  A jackal skeleton (D:5)
  A quokka zombie (D:5)
  7 rats
104 creatures vanquished.

Vanquished Creatures (others)
  2 plants (D:4)
2 creatures vanquished.

Grand Total: 106 creatures vanquished

Notes
Turn   | Place    | Note
-------+----------+-------------------------------------------
     0 | D:1      | Elric the Demonspawn Gladiator began the quest for the Orb.
     0 | D:1      | Reached XP level 1. HP: 16/16 MP: 1/1
   324 | D:1      | Gained mutation: You have large cloven feet. [demonic
                  | ancestry]
   324 | D:1      | Reached XP level 2. HP: 22/22 MP: 2/2
   358 | D:1      | Reached skill level 3 in Polearms
   891 | D:2      | Gained mutation: You are partially covered in sharp spines.
                  | [demonic ancestry]
   891 | D:2      | Reached XP level 3. HP: 17/27 MP: 3/3
  1220 | D:2      | Reached skill level 1 in Armour
  1313 | D:2      | Found a glowing golden altar of the Shining One.
  1373 | D:2      | Gained mutation: You are mostly covered in sharp spines.
                  | [demonic ancestry]
  1373 | D:2      | Reached XP level 4. HP: 32/34 MP: 4/4
  1471 | D:2      | Found a broken altar of Ashenzari.
  1575 | D:2      | Found an ornate altar of the Wu Jian Council.
  1650 | D:2      | Found a basalt altar of Yredelemnul.
  1942 | D:3      | Gained mutation: You sometimes gain a little power by
                  | taking damage. [demonic ancestry]
  1942 | D:3      | Reached XP level 5. HP: 40/40 MP: 5/5
  2080 | D:3      | Reached skill level 4 in Polearms
  2340 | D:3      | Gained mutation: You have an unusually large brain. (Int
                  | +2) [demonic ancestry]
  2340 | D:3      | Reached XP level 6. HP: 47/47 MP: 6/6
  2555 | D:3      | Found a white marble altar of Elyvilon.
  2557 | D:3      | Found a burning altar of Makhleb.
  2559 | D:3      | Found a bloodstained altar of Trog.
  2563 | D:3      | Found an iron altar of Okawaru.
  2564 | D:3      | Found a hide-covered altar of Uskayaw.
  2566 | D:3      | Found a stormy altar of Qazlal.
  2568 | D:3      | Found a hazy altar of Hepliaklqana.
  2579 | D:3      | Became a worshipper of Warmaster Okawaru
  3633 | D:5      | Entered Level 5 of the Dungeon
  3678 | D:5      | Found a staircase to the Ecumenical Temple.
  3894 | D:5      | Found Kogixt's Distillery.
  4048 | D:5      | Reached XP level 7. HP: 40/53 MP: 7/7
  4162 | D:5      | Noticed Eustachio
  4179 | D:5      | Killed Eustachio
  4179 | D:5      | Reached * piety under Okawaru
  4179 | D:5      | Reached skill level 5 in Polearms
  4307 | D:6      | HP: 1/54 [orc warrior/+0 halberd (16)]
  4307 | D:6      | Slain by a sky beast

Illustrated notes

Levels and vault maps discovered:
D:1:      dpeg_arrival_snail, layout_loops_ring, minmay_misc_feat_rows,
          minmay_pentomino_u4
D:2:      layout_loops_ring, lemuel_crystal_altar, old_standard_altar,
          lemuel_round_altar, nicolae_tso_carved_into_rock
D:3:      corexii_shack_village, layout_loops_ring, minitemple, nrook_uturn,
          grunt_decor_one_mirror
D:4:      wander_river, layout_basic, serial_bayou_ford_a
D:5:      layout_rooms, minmay_temple_entry_glassed_door, serial_shops,
          kennysheep_mini_moat, uniq_eustachio
D:6:      layout_basic, minmay_mini_ossuary

Skill      XL: |  1  2  3  4  5  6  7 |
---------------+----------------------+-----
Throwing       | 2 |  2.0
Polearms       | 3 4 5 |  5.1
Dodging        | 3 4 |  4.0
Armour         | 1 2 3 |  3.1
Fighting       | 3 4 |  4.2
Stealth        | |  0.1

Action                   |  1- 3 |  4- 6 |  7- 9 || total
-------------------------+-------+-------+-------++-------
Melee: Trident           |    92 |   127 |     2 ||   221
       Kick              |    14 |    33 |     2 ||    49
       Halberd           |       |       |    15 ||    15
Throw: Throwing net      |     1 |     1 |       ||     2
  Use: Scroll            |       |     5 |       ||     5
Armor: Ring mail         |    34 |     6 |       ||    40
       Chain mail        |       |    44 |    10 ||    54
Dodge: Dodged            |    69 |    73 |    15 ||   157
Block: Other             |       |    28 |     7 ||    35
       Reflection        |       |     2 |       ||     2

Table legend: (Time is in decaauts)
 A = Elapsed time spent in this place.
 B = Non-inter-level travel time spent in this place.
 C = Inter-level travel time spent in this place.
 D = Time resting spent in this place.
 E = Time spent auto-exploring this place.
 F = Levels seen in this place.
 G = Mean time per level.
                   A        B        C        D        E       F      G
               +--------+--------+--------+--------+--------+-----+--------+
         Total |   4379 |   4235 |    144 |      0 |   3467 |   6 |  729.8 |
       Dungeon |   4379 |   4235 |    144 |      0 |   3467 |   6 |  729.8 |
               +--------+--------+--------+--------+--------+-----+--------+

Top non-repeatable levels by time:
     D:3: 987 daAuts
     D:2: 984 daAuts
     D:4: 865 daAuts
     D:1: 863 daAuts
     D:5: 662 daAuts
     D:6: 16 daAuts
